 Dungeon Crawl Stone Soup version 0.29-a0-1027-gcd8c55af63 (webtiles) character file.

Game seed: 8502415161348394317

6006 nicolae the Transmogrifier (level 10, -12/78 HPs)
             Began as an Octopode Transmuter on Aug 12, 2022.
             Was an Initiate of Gozag.
             Mangled by a komodo dragon (27 damage)
             ... on level 11 of the Dungeon.
             The game lasted 00:22:57 (13425 turns).

nicolae the Transmogrifier (Octopode Transmuter)   Turns: 13425, Time: 00:22:58

Health: -12/78     AC: 12    Str: 11    XL:     10   Next: 85%
Magic:  11/13      EV: 11    Int: 19    God:    Gozag
Gold:   883        SH:  0    Dex: 12    Spells: 2/13 levels left

rFire   . . .      SeeInvis .     - Unarmed
rCold   + + +      Faith    .   (shield currently unavailable)
rNeg    . . .      Spirit   .   (helmet currently unavailable)
rPois   +          Reflect  .   (no amulet)
rElec   .          Harm     .   n - ring of poison resistance
rCorr   .          Rampage  .   q - ring of protection from fire
Will    .....                   s - +4 ring of protection
Stlth   +.........              (no ring)
HPRegen 0.23/turn               (no ring)
MPRegen 0.13/turn               (no ring)
                                (no ring)
                                (no ring)

@: ice-form
A: freezing attack, boosted hp, almost no armour, amphibious, 8 rings, large,
(camouflage 1), (gelatinous body 1), (nimble swimmer 1), (tentacles)
a: End Transformation, Renounce Religion, Potion Petition, Call Merchant, Bribe
Branch


You were on level 11 of the Dungeon.
You worshipped Gozag.
Gozag was pleased with you.
You were a creature of crystalline ice.
You visited 2 branches of the dungeon, and saw 11 of its levels.

You collected 1524 gold pieces.
You spent 540 gold pieces at shops.
You paid 101 gold pieces to Gozag.

Inventory:

Missiles
 g - 4 silver boomerangs
 h - 23 poisoned darts
 i - 2 curare-tipped darts
 k - 8 boomerangs
 p - 2 throwing nets
Jewellery
 n - a ring of poison resistance (left front paw)
 q - a ring of protection from fire (right front paw)
 s - a +4 ring of protection (on tentacle)
Wands
 t - a wand of mindburst (1)
 x - a wand of flame (9)
Scrolls
 a - a scroll of vulnerability {unknown}
 b - a scroll of teleportation
 f - a scroll of silence {unknown}
 m - a scroll of immolation {unknown}
 r - a scroll of fear {unknown}
 u - a scroll of enchant armour {unknown}
Potions
 c - a potion of curing
 e - a potion of attraction {unknown}
 j - a potion of might {unknown}
 l - a potion of invisibility {unknown}
 o - a potion of resistance
 v - a potion of berserk rage {unknown}
 w - a potion of flight {unknown}


   Skills:
 + Level 4.8 Fighting
 - Level 5.0 Dodging
 - Level 7.0 Unarmed Combat
 - Level 2.0 Spellcasting
 - Level 5.0 Conjurations
 - Level 8.0 Transmutations
 + Level 7.9 Ice Magic
 - Level 5.0 Poison Magic
 + Level 1.6 Evocations


You had 2 spell levels left.
You knew the following spells:

 Your Spells              Type           Power      Damage    Failure   Level
a - Beastly Appendage     Tmut           64%        N/A       1%          1
b - Wereblood             Tmut           32%        N/A       1%          2
c - Spider Form           Tmut/Pois      26%        N/A       3%          3
d - Ice Form              Ice/Tmut       32%        N/A       6%          4
e - Foxfire               Conj/Fire      44%        2x1d6     6%          1

Your spell library contained the following spells:

 Spells                   Type           Power      Damage    Failure   Level
 Ensorcelled Hibernation  Hex/Ice        34%        N/A       4%          2
 Passwall                 Tmut/Erth      14%        N/A       4%          2
 Sandblast                Erth           2%         2d4       17%         1
 Conjure Flame            Conj/Fire      11%        6-21      19%         3
 Dazzling Flash           Conj/Hex       22%        N/A       19%         3
 Stone Arrow              Conj/Erth      22%        3d8       19%         3
 Inner Flame              Hex/Fire       1%         N/A       45%         3
 Flame Wave               Conj/Fire      11%        2d6       52%         4
 Iskenderun's Mystic Bla  Conj/Tloc      11%        2d4       52%         4
 Anguish                  Hex/Necr       0%         N/A       86%         4
 Cause Fear               Hex            0%         N/A       86%         4
 Starburst                Conj/Fire      5%         6d4       100%        6
 Discord                  Hex            0%         N/A       100%        8


Dungeon Overview and Level Annotations

Branches:
Dungeon (9/15)             Temple (1/1) D:6
   Lair: D:8-11         Orc: D:9-12

Altars:
Ashenzari
Cheibriados
Dithmenos
Fedhas
Gozag
Kikubaaqudgha
Makhleb
Nemelex Xobeh
Qazlal
Ru
Trog
Wu Jian
Xom
Yredelemnul
The Shining One

Shops:
D:5 =

Annotations:
D:6 3 runed translucent doors, bwicke's ghost, novice DgGl


Innate Abilities, Weirdness & Mutations

You are a creature of crystalline ice.
You have a powerful freezing melee attack.
Your maximum health is increased.
Your armour is entirely melded.
You are incapable of wielding weapons or throwing items.
You cannot wear most types of armour.
You are amphibious.
You can wear up to eight rings at the same time.
((Your skin changes colour to match your surroundings (Stealth+).))
((Your rubbery body absorbs attacks. (AC +1, EV +1)))
((You are camouflaged when in or above water. (Stealth+)))
((You have tentacles for arms and can constrict up to eight enemies at once.))


Message History

The komodo dragon bites you!
You completely miss the komodo dragon.
The komodo dragon is lightly wounded.
The komodo dragon bites you but does no damage.
You hit the komodo dragon but do no damage.
The komodo dragon is lightly wounded.
The komodo dragon closely misses you.
You hit the komodo dragon. You freeze the komodo dragon.
The komodo dragon is moderately wounded.
The komodo dragon bites you!!
You are too injured to fight recklessly!
You are too injured to fight recklessly!
You are too injured to fight recklessly!
You are too injured to fight recklessly!
You hit the komodo dragon but do no damage.
The komodo dragon is moderately wounded.
You hit the komodo dragon but do no damage.
The komodo dragon is moderately wounded.
The komodo dragon bites you!!
* * * LOW HITPOINT WARNING * * *
You feel better.
The komodo dragon bites you but does no damage.
The air fills with toxic fumes!
As you read the scroll of poison, it crumbles to dust.
The komodo dragon bites you!
* * * LOW HITPOINT WARNING * * *
The komodo dragon is engulfed in poison gas.
The komodo dragon is poisoned.
You feel better.
The komodo dragon is engulfed in poison gas.
The komodo dragon looks even sicker.
The komodo dragon bites you but does no damage.
The komodo dragon is engulfed in poison gas.
The komodo dragon looks even sicker.
You feel better.
The komodo dragon is engulfed in poison gas.
The komodo dragon looks as sick as possible!
The komodo dragon bites you!!
You die...
Your body crumbles into a pile of gold.

#####.)....#?= #.#....#.#
...........#§. #.####.#.#
....)......#.§ #.#....#.#
#..##..#...##'##...#..#.#
#..##...##+....☼'##...#.#
...##...#$#.###§#.#.#.#.#
........###....§###...#.#
#####..#...#...#l..#..#.#
#....#......Y§....#.#
#...##...#..#§☼§.#)#.#
..'... +......#.§§§#.#.#
..##>. #......#.§§☼#.#.#
... #.. #..##'####..#.#.#
.. ... ##+##..# ##'#.#.#
$ #. ..>.. ..#.#.#
...(....#.#.# .... #.#.#


You could see a komodo dragon (extremely poisoned).

Vanquished Creatures
  A two-headed ogre (D:11)
  A komodo dragon (D:11)
  2 trolls (D:11)
  A hornet (D:11)
  A yak (D:11)
  A steam dragon (D:7)
  A water moccasin (D:7)
  An orc warrior (D:8)
  4 black bears
  A sky beast (D:3)
  5 ice beasts
  An ogre (D:4)
  5 centaurs
  A phantom (D:4)
  3 kobold brigands
  6 bullfrogs
  2 necrophages
  6 scorpions
  3 gnoll sergeants
  A wight (D:8)
  A killer bee (D:8)
  2 howler monkeys
  A hound (D:4)
  3 jellies
  2 orc priests (D:5)
  3 gnoll boudas
  4 iguanas
  6 orc wizards
  2 hell rats (D:8)
  26 gnolls
  9 adders
  8 river rats (D:8)
  A shadow imp (D:7)
  4 white imps
  2 worms (D:3)
  A dart slug (D:3)
  30 orcs
  A ball python (D:2)
  4 bats
  8 endoplasms
  5 giant cockroaches
  6 goblins
  9 hobgoblins
  10 jackals
  28 kobolds
  9 quokkas
  5 frilled lizards
  26 rats
263 creatures vanquished.

Vanquished Creatures (others)
  A bush (D:1)
  5 foxfires (D:6)
  3 plants (D:1)
9 creatures vanquished.

Grand Total: 272 creatures vanquished

Notes
Turn   | Place    | Note
-------+----------+-------------------------------------------
     0 | D:1      | nicolae the Octopode Transmuter began the quest for the
                  | Orb.
     0 | D:1      | Reached XP level 1. HP: 13/13 MP: 3/3
     2 | D:1      | Noticed a ghoul
     2 | D:1      | Noticed a vampire
     4 | D:1      | Noticed a minotaur
     4 | D:1      | Noticed a gargoyle
     6 | D:1      | Noticed a human
     8 | D:1      | Noticed a spriggan
    10 | D:1      | Noticed an ogre
    12 | D:1      | Noticed a troll
    12 | D:1      | Noticed a naga
    14 | D:1      | Noticed a demonspawn
    14 | D:1      | Noticed a tengu
    16 | D:1      | Noticed a felid
    16 | D:1      | Noticed a dwarf
    18 | D:1      | Noticed an elf
    20 | D:1      | Noticed a draconian
    20 | D:1      | Noticed an octopode
    22 | D:1      | Noticed a merfolk
    25 | D:1      | Noticed a vine stalker
    25 | D:1      | Noticed a formicid
    27 | D:1      | Noticed a demigod
   201 | D:1      | Reached XP level 2. HP: 18/18 MP: 3/5
   486 | D:1      | Reached skill level 3 in Transmutations
  1029 | D:1      | Found a faded altar of an unknown god.
  1175 | D:1      | Learned a level 2 spell: Wereblood
  1298 | D:2      | Reached XP level 3. HP: 23/23 MP: 4/6
  1541 | D:2      | Learned a level 3 spell: Spider Form
  2059 | D:2      | Reached skill level 4 in Transmutations
  2406 | D:3      | Noticed a necrophage
  2795 | D:3      | Reached XP level 4. HP: 23/28 MP: 7/7
  3240 | D:3      | Noticed a sky beast
  3257 | D:3      | Killed a sky beast
  3258 | D:3      | Reached skill level 5 in Transmutations
  3258 | D:3      | Reached XP level 5. HP: 22/33 MP: 8/8
  3741 | D:3      | Reached XP level 6. HP: 38/38 MP: 7/9
  3987 | D:3      | Found a sacrificial altar of Ru.
  4397 | D:4      | Reached skill level 5 in Poison Magic
  4604 | D:4      | Noticed a black bear
  4613 | D:4      | Killed a black bear
  4614 | D:4      | Reached XP level 7. HP: 34/43 MP: 10/10
  5161 | D:4      | Reached skill level 5 in Unarmed Combat
  5374 | D:4      | Found a broken altar of Ashenzari.
  5462 | D:5      | Entered Level 5 of the Dungeon
  5607 | D:5      | Found a burning altar of Makhleb.
  5993 | D:5      | Reached XP level 8. HP: 28/48 MP: 11/11
  6222 | D:5      | Learned a level 4 spell: Ice Form
  6270 | D:5      | Found Ideq's Jewellery Boutique.
  6369 | D:4      | Reached skill level 1 in Ice Magic
  7147 | D:5      | Found an ornate altar of the Wu Jian Council.
  7154 | D:5      | Noticed a spectral centipede
  7154 | D:5      | Noticed a spectral black mamba
  7839 | D:6      | Reached skill level 5 in Ice Magic
  8283 | D:5      | Learned a level 1 spell: Foxfire
  8325 | D:6      | Reached skill level 6 in Transmutations
  8478 | D:6      | Found a runed translucent gate.
  8479 | D:6      | Found a runed translucent gate.
  8479 | D:6      | Identified the +5 chain mail of the Bruised Realms {Rampage
                  | *Slow Will+ rCorr}
  8480 | D:6      | Found a runed translucent gate.
  8485 | D:6      | Found a staircase to the Ecumenical Temple.
  8494 | Temple   | Entered the Ecumenical Temple
  8498 | Temple   | Became a worshipper of Gozag Ym Sagoz the Greedy
  8537 | D:6      | Found a shimmering altar of Xom.
  8551 | D:6      | Reached XP level 9. HP: 27/53 MP: 8/12
  8773 | D:6      | Reached skill level 7 in Transmutations
  9098 | D:6      | Noticed bwicke's ghost (novice DgGl)
  9159 | D:7      | Reached skill level 8 in Transmutations
  9163 | D:7      | Reached skill level 1 in Conjurations
 11210 | D:8      | Found an ancient bone altar of Kikubaaqudgha.
 11221 | D:8      | Reached XP level 10. HP: 60/60 MP: 9/13
 11320 | D:5      | Bought a +4 ring of protection for 540 gold pieces
 11862 | D:8      | Reached skill level 5 in Conjurations
 13032 | D:9      | You fall into a shaft and drop 2 floors!
 13277 | D:11     | Noticed a two-headed ogre
 13304 | D:11     | Killed a two-headed ogre
 13305 | D:11     | Reached skill level 5 in Dodging
 13305 | D:11     | Reached skill level 1 in Evocations
 13419 | D:11     | HP: 2/78 [komodo dragon (13)]
 13425 | D:11     | Mangled by a komodo dragon

Illustrated notes

Levels and vault maps discovered:
D:1:      kb_arrival_jail, layout_basic, serial_forest,
          infiniplex_forest_straight_2, infiniplex_forest_lined_3,
          infiniplex_forest_end_double, infiniplex_forest_clump_long,
          infiniplex_forest_clump_diagonal, shapermc_ecumenical_altar_petra
D:2:      layout_loops_ring, corexii_hall_statues_l, minmay_rat_gold_closets
D:3:      layout_basic, lemuel_doored_altar
D:4:      layout_loops_cross, nicolae_overflow_hidden_temple,
          kennysheep_small_square
D:5:      layout_cave_pools, pdpol_wu_jian_five_deadly_venoms,
          lemuel_crystal_altar, serial_shops, shop
D:6:      layout_basic, lemuel_round_altar, minmay_temple_entry_butterflies,
          biasface_ghost_orc_armoury, serial_rivers,
          chequers_serial_rivers_small_b, chequers_serial_rivers_small_3,
          chequers_serial_rivers_micro_a, chequers_serial_rivers_micro_e,
          chequers_serial_rivers_micro_b, chequers_serial_rivers_large_b
D:7:      wander_river, layout_loops_ring, st_stairs_4
D:8:      lemuel_ratsnest, layout_loops_ring, kiku_gazebo_pond_becter,
          hangedman_decor_points
D:9:      layout_roguey, mainiacjoe_overflow_surrounded_room,
          nicolae_vehumet_altar_sigil
D:11:     gammafunk_corrupted_shrine, layout_gridville, orc_david_3,
          gauntlet_entry_generic, minmay_fractal_squares_diagonal_5,
          uniq_amaemon, uniq_josephine
Temple:   nicolae_temple_x_marks_the_god

Skill      XL: |  1  2  3  4  5  6  7  8  9 10 |
---------------+-------------------------------+-----
Transmutations | 3 4 5 6 8 |  8.0
Poison Magic   | 2 3 5 |  5.0
Unarmed Combat | 4 6 7 |  7.0
Ice Magic      | 5 6 7 |  7.9
Conjurations   | 4 5 |  5.0
Fighting       | 4 |  4.8
Dodging        | 5 |  5.0
Evocations     | 1 |  1.6
Spellcasting   | |  2.0

Action                   |  1- 3 |  4- 6 |  7- 9 | 10-12 || total
-------------------------+-------+-------+-------+-------++-------
Melee: Unarmed           |   191 |    89 |   265 |   170 ||   715
       Tentacles         |    49 |    21 |    26 |    11 ||   107
       Kick              |    45 |    30 |    29 |     7 ||   111
       Constrict         |    23 |    24 |    18 |    12 ||    77
       Punch             |    10 |     2 |     5 |       ||    17
Throw: Dart              |       |     2 |     2 |       ||     4
       Boomerang         |       |       |     9 |       ||     9
 Cast: Beastly Appendage |    29 |    25 |    18 |     3 ||    75
       Wereblood         |       |     3 |     6 |     7 ||    16
       Spider Form       |       |       |     7 |       ||     7
       Foxfire           |       |       |     4 |       ||     4
       Ice Form          |       |       |    15 |     9 ||    24
Evoke: Wand              |       |       |       |     8 ||     8
  Use: Scroll            |     4 |     1 |     5 |     3 ||    13
       Potion            |       |     3 |     5 |     3 ||    11
 Stab: Sleeping          |    11 |     3 |     1 |     2 ||    17
       Distracted        |       |       |     1 |       ||     1
Armor: Skin              |     7 |     9 |    47 |    87 ||   150
Dodge: Dodged            |    46 |    66 |   145 |    93 ||   350

Table legend: (Time is in decaauts)
 A = Elapsed time spent in this place.
 B = Non-inter-level travel time spent in this place.
 C = Inter-level travel time spent in this place.
 D = Time resting spent in this place.
 E = Time spent auto-exploring this place.
 F = Levels seen in this place.
 G = Mean time per level.
                   A        B        C        D        E       F      G
               +--------+--------+--------+--------+--------+-----+--------+
         Total |  13334 |  13008 |    326 |   3988 |   6779 |  11 | 1212.2 |
       Dungeon |  13325 |  13002 |    323 |   3988 |   6779 |  10 | 1332.5 |
        Temple |      8 |      5 |      3 |      0 |      0 |   1 |    8.0 |
               +--------+--------+--------+--------+--------+-----+--------+

Top non-repeatable levels by time:
     D:7: 2061 daAuts
     D:5: 1958 daAuts
     D:3: 1925 daAuts
     D:8: 1499 daAuts
     D:4: 1481 daAuts
     D:6: 1452 daAuts
     D:1: 1238 daAuts
     D:2: 1142 daAuts
    D:11: 388 daAuts
     D:9: 177 daAuts
  Temple: 8 daAuts
